 Dungeon Crawl Stone Soup version 0.29.0-5-ge4962eb29e (webtiles) character file.

Game seed: 14534185812805956804

16988 greasedhog the Basher (level 12, -3/84 HPs)
             Began as a Gargoyle Berserker on Aug 30, 2022.
             Was a High Priest of Trog.
             Slain by a +0 vorpal war axe (7 damage)
             ... on level 1 of the Abyss.
             The game lasted 00:21:06 (12864 turns).

greasedhog the Basher (Gargoyle Berserker)         Turns: 12864, Time: 00:21:07

Health: -3/84      AC: 30    Str: 22 (24) XL:     12   Next: 43%
Magic:  12/12      EV:  2    Int:  0 (4)  God:    Trog [*****.]
Gold:   950        SH:  5    Dex:  4 (5)  Spells: 11/11 levels left

rFire   . . .      SeeInvis .   I - +9 dire flail (flame)
rCold   . . .      Faith    .   (shield currently unavailable)
rNeg    + . .      Spirit   .   (body armour currently unavailable)
rPois   ∞          Reflect  +   (helmet currently unavailable)
rElec   .          Harm     .   (cloak currently unavailable)
rCorr   .          Rampage  .   (gloves currently unavailable)
Will    .....      NoTele   +   (boots currently unavailable)
Stlth   +.........              p - amulet of reflection
HPRegen 0.24/turn               u - +4 ring of protection
MPRegen 0.13/turn               (no ring)

@: tree-form, slowed, lost intelligence, unable to read, very slow
A: stationary, stasis, torment immunity, boosted hp, sickness immunity, AC +8,
negative energy resistance 1, (electricity resistance), torment resistance 1,
petrification resistance, [clumsy 2], [deterioration 2], [dopey 2], [frail 2],
[weak 1], subdued magic 1[+2], [inability to read after injury 2]
a: Renounce Religion, Berserk, Trog's Hand, Brothers in Arms


You were on level 1 of the Abyss.
You worshipped Trog.
Trog was extremely pleased with you.
You were a tree.
You visited 3 branches of the dungeon, and saw 13 of its levels.
You visited the Abyss 1 time.
You also visited: Sewer and Ossuary.

You collected 1088 gold pieces.
You spent 138 gold pieces at shops.

Inventory:

Hand Weapons
 r - a +0 hand axe
 I - a +9 dire flail of flaming (weapon)
Missiles
 c - 2 throwing nets (quivered)
 h - 11 poisoned darts
Armour
 l - a +0 pair of gloves (melded)
 m - a +1 helmet (melded)
 F - a +2 chain mail of fire resistance (melded)
Jewellery
 p - an amulet of reflection (around neck)
 u - a +4 ring of protection (left branch)
 J - a ring of fire
Wands
 g - a wand of flame (37)
 i - a wand of digging (1)
 w - a wand of iceblast (13)
 z - a wand of polymorph (10)
 E - a wand of mindburst (12)
 G - a wand of acid (9)
Scrolls
 e - 2 scrolls of brand weapon
 f - a scroll of enchant armour
 q - 2 scrolls of enchant weapon
 v - a scroll of fear
 x - a scroll of magic mapping
 y - a scroll of blinking
 A - 2 scrolls of poison
 C - a scroll of butterflies
 H - a scroll of vulnerability
Potions
 a - 2 potions of lignification
 b - 2 potions of resistance {unknown}
 d - 3 potions of attraction
 k - 7 potions of curing
 n - 3 potions of ambrosia {unknown}
 o - 3 potions of flight
 s - 4 potions of might {unknown}
 B - a potion of cancellation {unknown}
 D - a potion of magic {unknown}


   Skills:
 * Level 6.1 Fighting
 * Level 14.4 Maces & Flails
 - Level 5.3 Armour
 - Level 5.2 Dodging
 - Level 10.3 Evocations


You had 11 spell levels left.
You didn't know any spells.
Your spell library was empty.

Dungeon Overview and Level Annotations

Branches:
Dungeon (10/15)            Temple (1/1) D:4            Lair (0/5) D:8
    Orc (2/2) D:10          Sewer (visited)         Ossuary (visited)
    Elf: Orc:2

Altars:
Ashenzari
Fedhas
Gozag
Hepliaklqana
Kikubaaqudgha
Okawaru
Qazlal
Sif Muna
Trog
Uskayaw
Vehumet
Xom
Zin

Shops:
D:1 (   D:9 ?

Annotations:
D:9 1 runed translucent door, apoch's ghost, novice DsFi
Orc:1 Erolcha


Innate Abilities, Weirdness & Mutations

You are a tree.
Your roots penetrate the ground, keeping you stationary.
You cannot be teleported.
You are immune to unholy pain and torment.
Your maximum health is greatly increased.
Your equipment is partially melded.
You are immune to sickness and miasma.
((Your stone body is resilient. (AC +8)))
You are immune to poison.
You resist negative energy. (rN+)
((You are resistant to electric shocks. (rElec)))
You are resistant to unholy torment.
You are immune to petrification.
[You are very clumsy. (Dex -4)]
[Your body often deteriorates upon taking damage.]
[You are very dopey. (Int -4)]
[You are very frail. (-20% HP)]
[You are weak. (Str -2)]
[Your spells are much easier to cast, but much less powerful.]
[You sometimes lose the ability to read scrolls when taking damage.]


Message History

Your ogre looks as sick as possible!
Your ogre hits the wretched star with a +0 giant club!!!
The wretched star is destroyed!
Trog accepts your kill.
You feel your dexterity returning.
You feel the corruption within you wane somewhat.
You feel stronger.
Your body's shape seems more normal.
Your urge to scream lessens.
Your urge to shout disappears.
You feel robust.
Your Fighting skill increases to level 6!
Your ogre rages.
You are suddenly pulled into a different region of the Abyss!
You feel yourself speed up.
You can read scrolls again.
You feel the effects of Trog's Hand fading.
You recover from your berserk rage.
Your skin stops crawling.
You feel less strong-willed.
A +0 vorpal war axe comes into view.
You closely miss the +0 vorpal war axe. You barely miss the +0 vorpal war axe.
The +0 vorpal war axe hits you!
You feel threatened and lose the ability to read scrolls!
Your body deteriorates!
You feel dopey.
You have lost your intelligence.
The +0 vorpal war axe hits you!
The +0 vorpal war axe hits you but does no damage.
The +0 vorpal war axe hits you but does no damage.
You can move again.
You closely miss the +0 vorpal war axe. The +0 vorpal war axe hits you!
* * * LOW HITPOINT WARNING * * *
x2 Unknown command.
You feel much better. The +0 vorpal war axe hits you!
The +0 vorpal war axe hits you.
* * * LOW HITPOINT WARNING * * *
x2 Really quaff the potion of lignification?
You turn into a tree.
Your +1 helmet melds into your body.
Your +0 pair of gloves melds into your body.
Your +2 chain mail of fire resistance melds into your body.
You feel less resistant to fire.
Your roots penetrate the ground.
The +0 vorpal war axe hits you but does no damage.
The +0 vorpal war axe hits you!!
* * * LOW HITPOINT WARNING * * *
You die...

## .##### #..#.. .##
##.....
....######....#
..............#
..............#
......(♣......##### #
...#...#.#.....##.####
# #...#.##............
.....#.#..#......... #
#.#.......##. .## #
##. .. ..#...#.......
#. # . .#.#.#....
.##..#. . ..#.#.....#
.. ##..# # . .## ...
####


You could see a +0 vorpal war axe.

Vanquished Creatures
  Azrael (Orc:1)
  A hydra (D:9)
  A two-headed ogre (D:9)
  A wretched star (Abyss:1)
  A sixfirhy (Abyss:1)
  A large abomination (Abyss:1)
  A worldbinder (Abyss:1)
  3 orc sorcerers (Orc:1)
  A freezing wraith (Abyss:1)
  2 ancient zymes (Abyss:1)
  4 trolls
  A hornet (D:9)
  2 harpy skeletons (Abyss:1)
  2 small abominations (Abyss:1)
  Sigmund (D:2)
  A shadow (D:10)
  4 fire elementals (Orc:1)
  A neqoxec (Abyss:1)
  A ynoxinul (Abyss:1)
  11 yaks
  Eustachio (D:5)
  Menkaure (D:7)
  6 wargs
  Edmund (D:6)
  5 water moccasins
  An acid dragon (D:10)
  A hell hound (Orc:1)
  Duvessa (D:4)
  2 ice beasts
  5 orc warriors
  3 black bears
  3 ogres
  A centaur (D:10)
  4 bullfrogs
  3 gnoll sergeants
  A scorpion (D:6)
  5 wights (D:7)
  Dowan (D:4)
  23 killer bees
  A quasit (Abyss:1)
  13 orc priests
  A gnoll bouda (D:8)
  2 hounds (D:5)
  A jelly (D:6)
  An iron imp (Abyss:1)
  An iguana (D:4)
  9 orc wizards
  8 mummies (Ossuary)
  Robin (D:2)
  22 gnolls
  6 adders
  A river rat (D:5)
  2 white imps
  4 ufetubi
  A worm (D:5)
  2 dart slugs
  50 orcs
  9 ball pythons
  4 bats
  9 endoplasms
  12 giant cockroaches
  14 goblins
  13 hobgoblins
  3 jackals (D:2)
  6 kobolds
  4 quokkas
  9 frilled lizards
  A gnoll zombie (Ossuary)
  2 hobgoblin zombies (Ossuary)
  2 kobold zombies (Ossuary)
  3 orc zombies (Ossuary)
  8 rats
  A butterfly (D:5)
335 creatures vanquished.

Vanquished Creatures (collateral kills)
  A wretched star (Abyss:1)
1 creature vanquished.

Vanquished Creatures (others)
  A plant (D:8)
1 creature vanquished.

Grand Total: 337 creatures vanquished

Notes
Turn   | Place    | Note
-------+----------+-------------------------------------------
     0 | D:1      | greasedhog the Gargoyle Berserker began the quest for the
                  | Orb.
     0 | D:1      | Reached XP level 1. HP: 14/14 MP: 1/1
   132 | D:1      | Reached XP level 2. HP: 15/19 MP: 2/2
   323 | D:1      | Found Raff's Antique Weapon Boutique.
  1072 | D:2      | Reached XP level 3. HP: 18/24 MP: 3/3
  1141 | D:2      | Noticed Sigmund
  1157 | D:2      | Killed Sigmund
  1158 | D:2      | Reached skill level 5 in Fighting
  1158 | D:2      | Reached skill level 4 in Maces & Flails
  1158 | D:2      | Reached XP level 4. HP: 13/31 MP: 4/4
  1158 | D:2      | Reached XP level 5. HP: 15/35 MP: 5/5
  1500 | D:2      | Reached ** piety under Trog
  1679 | D:2      | Found a stormy altar of Qazlal.
  1805 | D:2      | Found the +11 plutonium sword {Contam Stlth-}
  1983 | D:2      | Noticed Robin
  1989 | D:2      | Reached skill level 5 in Maces & Flails
  2116 | D:1      | Reached XP level 6. HP: 29/40 MP: 6/6
  2205 | D:2      | Killed Robin
  2747 | D:3      | Found an iron altar of Okawaru.
  2915 | D:3      | Found a faded altar of an unknown god.
  2996 | D:3      | Reached *** piety under Trog
  3171 | D:3      | Found a hazy altar of Hepliaklqana.
  3442 | D:4      | Found a staircase to the Ecumenical Temple.
  3451 | Temple   | Entered the Ecumenical Temple
  3706 | D:4      | Noticed Duvessa
  3706 | D:4      | Noticed Dowan
  3717 | D:4      | Killed Duvessa
  3720 | D:4      | Killed Dowan
  3721 | D:4      | Reached XP level 7. HP: 44/44 MP: 7/7
  4043 | D:4      | Reached skill level 6 in Maces & Flails
  4316 | D:5      | Entered Level 5 of the Dungeon
  4329 | D:5      | Found a bloodstained altar of Trog.
  4346 | D:5      | Reached skill level 5 in Armour
  4497 | D:5      | Found a shimmering altar of Xom.
  4519 | D:5      | Reached XP level 8. HP: 46/49 MP: 8/8
  4536 | D:5      | Reached skill level 7 in Maces & Flails
  4751 | D:5      | Found a glowing drain.
  4752 | D:5      | Reached **** piety under Trog
  4758 | Sewer    | Entered a sewer
  5194 | D:5      | Noticed Eustachio
  5207 | D:5      | Killed Eustachio
  5556 | D:5      | Reached skill level 8 in Maces & Flails
  5921 | D:6      | Reached XP level 9. HP: 51/54 MP: 9/9
  6194 | D:6      | Found the +7 Kryia's mail coat {PotionHeal*2 rC+}
  6211 | D:6      | Reached skill level 5 in Dodging
  6415 | D:6      | Reached skill level 9 in Maces & Flails
  6475 | D:6      | Noticed Edmund
  6484 | D:6      | Killed Edmund
  6485 | D:6      | Reached skill level 1 in Evocations
  7355 | D:7      | Reached ***** piety under Trog
  7582 | D:7      | Found a broken altar of Ashenzari.
  7583 | D:7      | Found an ancient bone altar of Kikubaaqudgha.
  7624 | D:7      | Noticed Menkaure
  7633 | D:7      | Killed Menkaure
  7943 | D:7      | Reached skill level 10 in Maces & Flails
  7958 | D:7      | Gained mutation: [Your spells are a little easier to cast,
                  | but a little less powerful.] [mutagenic glow]
  8236 | D:8      | Reached XP level 10. HP: 59/59 MP: 10/10
  8239 | D:8      | Found a staircase to the Lair.
  8273 | D:8      | Found a sand-covered staircase.
  8286 | Ossuary  | Entered an ossuary
  8582 | D:8      | Reached skill level 5 in Evocations
  9219 | D:8      | Reached skill level 11 in Maces & Flails
  9325 | D:9      | Noticed a four-headed hydra
  9338 | D:9      | Killed a four-headed hydra
  9387 | D:9      | Found a hide-covered altar of Uskayaw.
  9654 | D:9      | Found the +6 lightning scales {swift, rElec}
  9665 | D:9      | Found Puun's Magic Scroll Shop.
  9667 | D:9      | Noticed a two-headed ogre
  9673 | D:9      | Killed a two-headed ogre
  9674 | D:9      | Reached skill level 12 in Maces & Flails
  9674 | D:9      | Reached XP level 11. HP: 64/64 MP: 11/11
  9822 | D:9      | Bought a scroll of identify for 24 gold pieces
  9822 | D:9      | Bought a scroll of identify for 24 gold pieces
  9822 | D:9      | Bought a scroll of blinking for 90 gold pieces
  9842 | D:9      | Found a glowing silver altar of Zin.
  9882 | D:9      | Found an opulent altar of Gozag.
  9904 | D:9      | Found a stormy altar of Qazlal.
 10116 | D:9      | Found a runed translucent door.
 10116 | D:9      | Noticed apoch's ghost (novice DsFi)
 10182 | D:10     | Entered Level 10 of the Dungeon
 10209 | D:10     | Received a gift from Trog
 10292 | D:10     | Found a staircase to the Orcish Mines.
 10370 | D:10     | Found a blossoming altar of Fedhas.
 10370 | D:10     | Found a shimmering blue altar of Sif Muna.
 10371 | D:10     | Found a radiant altar of Vehumet.
 11296 | Orc:1    | Entered Level 1 of the Orcish Mines
 11513 | Orc:1    | Noticed an orc sorcerer
 11517 | Orc:1    | Killed an orc sorcerer
 11612 | Orc:2    | Entered Level 2 of the Orcish Mines
 11612 | Orc:2    | Noticed Azrael
 11612 | Orc:2    | Noticed an orc sorcerer
 11620 | Orc:1    | Killed Azrael
 11621 | Orc:1    | Reached skill level 13 in Maces & Flails
 11662 | Orc:2    | Noticed an orc sorcerer
 11757 | Orc:2    | Paralysed by an orc sorcerer for 2 turns
 11763 | Orc:1    | Killed an orc sorcerer
 12180 | Orc:1    | Killed an orc sorcerer
 12455 | Orc:1    | Noticed Erolcha
 12455 | Abyss:1  | Found a corrupted altar of Lugonu.
 12455 | Abyss:1  | Cast into level 1 of the Abyss (Erolcha)
 12484 | Abyss:1  | Noticed a tentacled starspawn
 12505 | Abyss:1  | Reached XP level 12. HP: 68/68 MP: 12/12
 12524 | Abyss:1  | Noticed a wretched star
 12534 | Abyss:1  | Killed a wretched star
 12592 | Abyss:1  | Reached skill level 10 in Evocations
 12608 | Abyss:1  | Reached skill level 14 in Maces & Flails
 12610 | Abyss:1  | Noticed a wretched star
 12610 | Abyss:1  | Noticed a wretched star
 12627 | Abyss:1  | Found a blossoming altar of Fedhas.
 12697 | Abyss:1  | Noticed a lich
 12811 | Abyss:1  | Noticed a purple very ugly thing
 12820 | Abyss:1  | Noticed a white very ugly thing
 12823 | Abyss:1  | Noticed a purple very ugly thing
 12823 | Abyss:1  | Noticed a white very ugly thing
 12825 | Abyss:1  | Noticed a wretched star
 12842 | Abyss:1  | Killed a wretched star
 12859 | Abyss:1  | Lost intelligence.
 12864 | Abyss:1  | HP: 4/84 [+0 vorpal war axe (20)]
 12864 | Abyss:1  | Slain by a +0 vorpal war axe

Illustrated notes

Levels and vault maps discovered:
D:1:      dpeg_arrival_rooms_b, layout_basic, serial_shops,
          nicolae_diamond_shop, hangedman_decor_points,
          chequers_serial_rivers_small_b
D:2:      layout_basic, basic_altar, hangedman_abyss_or_decor_lesser_grid,
          minmay_quantized, uniq_sigmund, uniq_robin
D:3:      layout_basic, worldfamousw_hep_ancestral_shrine,
          mainiacjoe_overflow_brackets, hellmonk_ecumenical_altar_prayer_group
D:4:      layout_gridville, minmay_temple_entry_grid, minmay_close_crescents,
          uniq_duvessa
D:5:      layout_basic, xom_butterflies, trog_ov_bears_minmay,
          portal_sewer_entry_e, minmay_hedge_maze, minmay_splitting_lines,
          uniq_eustachio
D:6:      layout_layer_cave, uniq_edmund
D:7:      layout_basic, gammafunk_temple_overflow_statue, uniq_menkaure
D:8:      gammafunk_indiana_jones, layout_basic, erik_lair_orcish_takeover,
          chequers_ossuary_entry_cave
D:9:      layout_basic, pdpol_temple_overflow_zin_treasury_gozag_greed,
          nicolae_qazlal_eye_of_the_storm, nicolae_uskayaw_dance_hall,
          hellmonk_ghost_happy_afterlife, serial_shops, nicolae_shop_waterfront
D:10:     layout_basic, gammafunk_temple_overflow_claw,
          minmay_orc_entry_guard_dogs
Temple:   hellmonk_temple_beads
Orc:1:    layout_diamond_mine, uniq_erolcha
Orc:2:    st_orc_elflike, layout_caves, nicolae_orc_lava_room, uniq_snorg,
          uniq_azrael
Abyss:1:  base: D:6, minivault_11, minivault_27, hangedman_abyss_or_decor_stabs

Skill      XL: |  1  2  3  4  5  6  7  8  9 10 11 12 |
---------------+-------------------------------------+-----
Fighting       | 5 6 |  6.1
Maces & Flails | 4 5 6 8 10 12 13 14 | 14.4
Armour         | 4 5 |  5.3
Dodging        | 2 4 5 |  5.2
Evocations     | 4 7 9 10 | 10.3

Action                   |  1- 3 |  4- 6 |  7- 9 | 10-12 || total
-------------------------+-------+-------+-------+-------++-------
Melee: Mace              |    19 |       |       |       ||    19
       Flail             |    48 |    44 |       |       ||    92
       Triple sword      |       |    86 |   267 |       ||   353
       Morningstar       |       |       |    18 |   241 ||   259
       Punch             |       |       |     1 |     3 ||     4
       Dire flail        |       |       |       |   269 ||   269
Invok: Berserk           |     1 |     3 |     4 |     8 ||    16
       Trog's Hand       |       |       |     1 |     6 ||     7
       Brothers in Arms  |       |       |       |     1 ||     1
Evoke: Wand              |       |       |       |     3 ||     3
  Use: Scroll            |     4 |     4 |     3 |    15 ||    26
       Potion            |       |       |       |     8 ||     8
Armor: Animal skin       |    17 |       |       |       ||    17
       Ring mail         |    16 |    57 |       |       ||    73
       Scale mail        |       |    24 |       |       ||    24
       Chain mail        |       |       |    89 |   363 ||   452
       Plate armour      |       |       |   191 |       ||   191
       Skin              |       |       |       |     1 ||     1
Dodge: Dodged            |    44 |   118 |   217 |   289 ||   668
Block: Other             |       |     1 |    99 |   118 ||   218
       Reflection        |       |       |     2 |       ||     2
